 Dungeon Crawl Stone Soup version 0.30.1-9-gdf580d7c3d (webtiles) character file.

Game seed: 15434870631191655812

53 Kranky the Ducker (level 3, -5/26 HPs)
             Began as a Demonspawn Wanderer on Oct 23, 2023.
             Killed from afar by an orc wizard (11 damage)
             ... with a puff of flame
             ... on level 3 of the Dungeon.
             The game lasted 00:02:46 (1813 turns).

Kranky the Ducker (Demonspawn Wanderer)             Turns: 1813, Time: 00:02:47

Health: -5/26      AC:  8    Str: 10    XL:     3   Next: 64%
Magic:  0/4        EV: 13    Int: 19    God:
Gold:   56         SH:  0    Dex: 15    Spells: 3/4 levels left

rFire   . . .        i - +2 mace (heavy)
rCold   . . .        (no shield)
rNeg    . . .        d - +2 leather armour
rPois   .            (no helmet)
rElec   .            (no cloak)
rCorr   .            q - +2 pair of gloves of Lilacs {Int+5 Stlth+}
SInv    .            (no boots)
Will    .....        h - amulet of guardian spirit
Stlth   +++          (no ring)
HPRegen 0.24/turn    (no ring)
MPRegen 0.09/turn

%: guardian spirit
@: no status effects
A: demonic guardian 1
a: no special abilities


You were on level 3 of the Dungeon.
You visited 1 branch of the dungeon, and saw 3 of its levels.

You collected 56 gold pieces.

Inventory:

Hand Weapons
 a - a +0 dagger
 i - a +2 heavy mace (weapon)
Armour
 d - a +2 leather armour (worn)
 q - the +2 pair of gloves of Lilacs (worn) {Int+5 Stlth+}
   (You found it on level 2 of the Dungeon)

   Int:       It affects your intelligence (+5).
   Stlth:     It makes you more stealthy.
Jewellery
 h - an amulet of guardian spirit (around neck)
Scrolls
 e - 2 scrolls of amnesia {unknown}
 k - a scroll of immolation {unknown}
 l - a scroll of enchant weapon {unknown}
 m - 4 scrolls of identify {unknown}
 n - a scroll of enchant armour {unknown}
Potions
 c - 2 potions of invisibility
 f - a potion of heal wounds {unknown}
 g - a potion of ambrosia {unknown}
 j - a potion of attraction {unknown}
 o - 2 potions of might {unknown}
 p - a potion of mutation {unknown}
Miscellaneous
 b - a piece from Xom's chessboard (15/15)


   Skills:
 + Level 1.3 Fighting
 + Level 1.1 Armour
 + Level 3.9 Dodging
 + Level 2.3 Stealth
 - Level 1.0 Spellcasting
 - Level 1.1 Necromancy
 + Level 2.5 Evocations


You had 3 spell levels left.
You knew the following spells:

 Your Spells              Type           Power      Damage    Failure   Level
a - Kiss of Death         Conj/Necr      12%        2d6       21%         1

Your spell library contained the following spells:

 Spells                   Type           Power      Damage    Failure   Level
 Vampiric Draining        Necr           5%         2d6       43%         3


Dungeon Overview and Level Annotations

Branches:
Dungeon (3/15)

Altars:


Innate Abilities, Weirdness & Mutations

A weak demonic guardian rushes to your aid.


Message History

The orc wizard flickers and vanishes!
Deactivating autopickup; reactivate with Ctrl-A.
Something hits you but does no damage. The goblin hits you with a +0 dagger.
You hit the goblin.
The goblin is moderately wounded.
The goblin completely misses you. Something hits you but does no damage.
The orc hits you with a +0 club. Something hits you but does no damage.
The goblin hits you but does no damage.
Unknown command.
You closely miss the goblin.
The goblin is moderately wounded.
The orc barely misses you. The goblin hits you but does no damage.
You hear some strange, mumbled words.
Something tries to affect you, but you resist.
Something hits you. The orc closely misses you. The goblin barely misses you.
You hear a shout!
You closely miss the goblin.
The goblin is moderately wounded.
The orc misses you. The goblin hits you but does no damage.
Something hits you but does no damage.
An orc comes into view. It is wielding a +0 hand axe.
Something hits you. The orc hits you with a +0 club.
The goblin hits you but does no damage.
You closely miss the goblin.
The goblin is moderately wounded.
The orc hits you with a +0 club. The goblin hits you but does no damage.
Something hits you. The orc hits you with a +0 club.
You hear some strange, mumbled words.
A magic dart appears from out of thin air!
The magic dart hits you. The orc hits you but does no damage.
The goblin misses you. The orc attacks as you move away!
The orc hits you with a +0 club.
* * * LOW HITPOINT WARNING * * *
Something hits you but does no damage. The goblin misses you.
The goblin attacks as you move away! The goblin completely misses you.
A hobgoblin comes into view.
You hear some strange, mumbled words.
A puff of flame appears from out of thin air!
The puff of flame hits you!
You die...

.g .# ... ..
#...#######.#####
#.#.#.....#.....#
#................
#................
#.#....<.........
..(....@.........
........g........
.......o{.o......
.###.............
##...........#
.....###.#.####
#..## ...# ....
#.## ### .#


You could see 2 orcs, a hobgoblin (asleep) and a goblin.

Vanquished Creatures
  2 adders (D:2)
  A worm (D:2)
  A dart slug (D:1)
  5 bats
  2 endoplasms
  3 goblins (D:1)
  3 hobgoblins (D:1)
  2 jackals (D:1)
  3 kobolds
  A quokka (D:1)
  A ball python (D:1)
  5 rats
29 creatures vanquished.

Vanquished Creatures (collateral kills)
  A ball python (D:1)
  A kobold (D:1)
2 creatures vanquished.

Grand Total: 31 creatures vanquished

Notes
Turn   | Place    | Note
-------+----------+-------------------------------------------
     0 | D:1      | Kranky the Demonspawn Wanderer began the quest for the Orb.
     0 | D:1      | Kranky set off with the following items: a +0 dagger, a
                  | piece from Xom's chessboard (15/15), a potion of
                  | invisibility, a +2 leather armour; and the following spell
                  | memorised: Kiss of Death; and the following spells
                  | available to memorise: Vampiric Draining.
     0 | D:1      | Reached XP level 1. HP: 13/13 MP: 2/2
   236 | D:1      | Gained mutation: A weak demonic guardian rushes to your
                  | aid. [demonic ancestry]
   236 | D:1      | Reached XP level 2. HP: 15/20 MP: 3/3
   900 | D:1      | Found a faded altar of an unknown god.
  1080 | D:2      | Reached skill level 1 in Fighting
  1113 | D:2      | Reached XP level 3. HP: 18/26 MP: 2/4
  1186 | D:2      | Reached skill level 1 in Armour
  1768 | D:2      | Identified the +2 pair of gloves of Lilacs {Int+5 Stlth+}
  1813 | D:3      | Killed from afar by an orc wizard

Illustrated notes

Levels and vault maps discovered:
D:1:      lemuel_arrival_lava_pool, layout_loops_ring,
          shapermc_ecumenical_altar_acropolis, serial_aquarium,
          aquarium_bridge_square [aquarium_subvault_bridge,
          aquarium_subvault_bridge, aquarium_subvault_balcony,
          aquarium_subvault_wall], aquarium_bridge_long_joined
          [aquarium_subvault_bridge, aquarium_subvault_wall,
          aquarium_subvault_bridge, aquarium_subvault_balcony,
          aquarium_subvault_balcony, aquarium_subvault_wall],
          aquarium_window_corridor_3, aquarium_window_corner,
          aquarium_window_fake, aquarium_view_2d, aquarium_view_2e,
          aquarium_pool_1
D:2:      wander_river, layout_basic
D:3:      cheibrodos_old_hovel, layout_rooms

Skill      XL: |  1  2  3 |
---------------+----------+-----
Stealth        | 2 |  2.3
Fighting       | 1 |  1.3
Armour         | 1 |  1.1
Dodging        | |  3.9
Spellcasting   | |  1.0
Necromancy     | |  1.1
Evocations     | |  2.5

Action                     || total
---------------------------++-------
  Melee: Dagger            ||   142
         Punch             ||     4
         Mace              ||    37
   Stab: Sleeping          ||     4
         Distracted        ||     1
 Armour: Leather armour    ||    83
  Dodge: Dodged            ||   153
